 Dungeon Crawl Stone Soup version 0.31-a0-455-g1a7b003ef0 (webtiles) character file.

Game seed: 7675327983662035576

37 LeprechaunX the Ruffian (level 3, -1/23 HPs)
             Began as an Octopode Shapeshifter on Aug 3, 2023.
             Slain by Terence
             ... wielding a +0 hand axe
              (8 damage)
             ... on level 3 of the Dungeon.
             The game lasted 00:02:11 (1749 turns).

LeprechaunX the Ruffian (Octopode Shapeshifter)     Turns: 1749, Time: 00:02:11

Health: -1/23      AC:  1    Str: 16    XL:     3   Next: 41%
Magic:  3/3        EV: 13    Int: 10    God:
Gold:   160        SH:  0    Dex: 12    Spells: 2/2 levels left

rFire   . .          .
                       - Unarmed
rCold   . . .        (no shield)
rNeg    . . .        (helmet currently unavailable)
rPois   .            (no amulet)
rElec   .            (no ring)
rCorr   .            (no ring)
SInv    .            (no ring)
Will    .....        (no ring)
Stlth   ++           (no ring)
HPRegen 0.23/turn    (no ring)
MPRegen 0.08/turn    (no ring)
                     (no ring)

%: no passive effects
@: beast-form
A: beast (slay +2), almost no armour, amphibious, 8 rings, camouflage 1,
gelatinous body 1, (nimble swimmer 1), tentacles
a: Begin Untransformation


You were on level 3 of the Dungeon.
You were a hulking beast.
You visited 1 branch of the dungeon, and saw 3 of its levels.

You collected 160 gold pieces.

Inventory:

Missiles
 l - a throwing net
 o - 2 boomerangs
Talismans
 b - a beast talisman (active)
Scrolls
 d - 3 scrolls of identify {unknown}
 e - 2 scrolls of blinking {unknown}
 h - a scroll of torment {unknown}
 i - a scroll of silence {unknown}
 k - a scroll of immolation {unknown}
 n - a scroll of teleportation {unknown}
Potions
 a - 2 potions of lignification
 c - 2 potions of curing {unknown}
 f - a potion of heal wounds {unknown}
 g - a potion of enlightenment {unknown}
 j - a potion of mutation {unknown}
 m - a potion of might {unknown}


   Skills:
 + Level 1.5 Fighting
 + Level 2.4 Dodging
 * Level 3.6 Unarmed Combat
 + Level 3.2 Shapeshifting


You had 2 spell levels left.
You didn't know any spells.
Your spell library was empty.

Dungeon Overview and Level Annotations

Branches:
Dungeon (3/15)

Altars:
Qazlal
Vehumet

Annotations:
D:2 Sigmund
D:3 Terence


Innate Abilities, Weirdness & Mutations

You are a hulking beast.
Your limbs bulge with bestial killing power. (Slay +2)
You cannot wear most types of armour.
You are amphibious.
You can wear up to eight rings at the same time.
Your skin changes colour to match your surroundings (Stealth+).
Your rubbery body absorbs attacks. (AC +1, EV +1)
((You are camouflaged when in or above water. (Stealth+)))
You have tentacles for arms and can constrict up to eight enemies at once.


Message History

You now have 127 gold pieces (gained 17).
Things that are here:
a +0 flail; an orc corpse You now have 134 gold pieces (gained 7).
There is a stone staircase leading down here.
Found a stone staircase leading down.
Found a leather armour.
You now have 140 gold pieces (gained 6).
You now have 151 gold pieces (gained 11).
You open the door.
There is an open door here.
You now have 160 gold pieces (gained 9).
There is an open door here.
Key pressed, stopping explore.
There is an open door here.
Terence the Incautious comes into view.
He is wielding a +0 hand axe and carrying a wand of flame.
Terence zaps a wand.
The puff of flame hits you!
Terence is nearby!
Terence hits you with a +0 hand axe!
You are too injured to fight recklessly!
You are too injured to fight recklessly!
You are too injured to fight recklessly!
You are too injured to fight recklessly!
You are too injured to fight recklessly!
You are too injured to fight recklessly!
You are too injured to fight recklessly!
You are too injured to fight recklessly!
You are too injured to fight recklessly!
You are too injured to fight recklessly!
You are too injured to fight recklessly!
You are too injured to fight recklessly!
You are too injured to fight recklessly!
You are too injured to fight recklessly!
You are too injured to fight recklessly!
You are too injured to fight recklessly!
You are too injured to fight recklessly!
You are too injured to fight recklessly!
You closely miss Terence. You grab Terence. You constrict Terence.
Terence hits you with a +0 hand axe!
You die...

####### #.....#
##(....# .......#
###### .......#
#....## .).....#
##.#...# ##.....#
.#...h.#
###########.#.#@#.#
............#...#.#
...........######.#
..............<.#.#
............#.#.#.#
............#.#.#.#
......##.#......#.#
###'#.#..#####..#.#


You could see Terence.

Vanquished Creatures
  An orc (D:3)
  4 ball pythons
  4 bats
  3 endoplasms
  2 giant cockroaches
  4 goblins
  4 hobgoblins
  4 quokkas
  3 frilled lizards (D:2)
  3 kobolds
  A rat (D:1)
33 creatures vanquished.

Notes
Turn   | Place    | Note
-------+----------+-------------------------------------------
     0 | D:1      | LeprechaunX the Octopode Shapeshifter began the quest for
                  | the Orb.
     0 | D:1      | Reached XP level 1. HP: 13/13 MP: 1/1
   216 | D:1      | Reached XP level 2. HP: 18/18 MP: 2/2
   806 | D:2      | Noticed Sigmund
   883 | D:2      | Found a stormy altar of Qazlal.
  1000 | D:2      | Reached XP level 3. HP: 23/23 MP: 3/3
  1122 | D:3      | Found a radiant altar of Vehumet.
  1747 | D:3      | Noticed Terence
  1749 | D:3      | Slain by Terence

Illustrated notes

Levels and vault maps discovered:
D:1:      dpeg_arrival_erosion, layout_loops_cross, kennysheep_boxes
D:2:      layout_loops_ring, basic_altar, dilly_ecumenical_altar_fadedgnrine,
          uniq_sigmund
D:3:      layout_basic, mainiacjoe_overflow_concentric_impassable, uniq_terence

Action                     || total
---------------------------++-------
  Melee: Unarmed           ||    50
         Constrict         ||    13
         Tentacles         ||     7
         Punch             ||     3
   Stab: Sleeping          ||     9
 Armour: Skin              ||     3
  Dodge: Dodged            ||    19

Table legend: (Time is in decaauts)
 A = Elapsed time spent in this place.
 B = Non-inter-level travel time spent in this place.
 C = Inter-level travel time spent in this place.
 D = Time resting spent in this place.
 E = Time spent auto-exploring this place.
 F = Levels seen in this place.
 G = Mean time per level.
                   A        B        C        D        E       F      G
               +--------+--------+--------+--------+--------+-----+--------+
         Total |   1745 |   1689 |     56 |      0 |   1421 |   3 |  581.7 |
       Dungeon |   1745 |   1689 |     56 |      0 |   1421 |   3 |  581.7 |
               +--------+--------+--------+--------+--------+-----+--------+

Top non-repeatable levels by time:
     D:1: 663 daAuts
     D:3: 648 daAuts
     D:2: 433 daAuts
